Match 41696890
Unlisted

Match 41696890
End
Pioneer Squad
Construct Infanterie Kompanie
Grenadier Squad
MG 42 Machine Gun Team
Selects Mechanized Battlegroup
MG 42 Machine Gun Team
Construct Luftwaffe Kompanie
Jäger Squad
221 Scout Car
Selects Raid Package
Medical Bunker
Flak 30 Anti-aircraft Gun Team
Grenadier Squad
Selects StuG Assault Group
StuG Assault Group
Jäger Squad
Luftwaffe Officer Quarters
Jäger Squad
Selects Panther Heavy Tank
Panther Heavy Tank
Zio Cerotto
Vinterkorge
BigTiddyLebron
kreumat
0
0

Comments sign in to comment!

No comments posted yet!